 Dungeon Crawl Stone Soup version 0.25-a0-166-g16436c4407 (webtiles) character file.

Game seed: 124346856710981759, levelgen mode: deterministic

96 MrRokkomies the Skirmisher (level 4, 0/36 HPs)
             Began as a Ghoul Monk on Nov 23, 2019.
             Was a Believer of Hepliaklqana.
             Slain by a gnoll
             ... wielding a +0 halberd
              (14 damage)
             ... on level 2 of the Dungeon.
             The game lasted 00:04:34 (1288 turns).

MrRokkomies the Skirmisher (Ghoul Monk)             Turns: 1288, Time: 00:04:34

Health: 0/36       AC:  6    Str: 15    XL:     4   Next: 67%
Magic:  3/3        EV: 10    Int:  5    God:    Hepliaklqana [**....]
Gold:   67         SH:  0    Dex: 11    Spells: 3/3 levels left

rFire    . . .     SeeInvis .     - Unarmed
rCold    + . .     Gourm    .   (no shield)
rNeg     + + +     Faith    .   e - +0 scale mail
rPois    ∞         Spirit   .   (no helmet)
rElec    .         Reflect  .   (no cloak)
rCorr    .         Harm     .   (no gloves)
MR       .....                  (no boots)
Stlth    ..........             (no amulet)
HPRegen  0.00/turn              c - ring of wizardry
MPRegen  0.08/turn              (no ring)

@: rotting
A: rotting body, reduced essence, claws 1, carnivore, cold resistance 1,
negative energy resistance 3, inhibited regeneration, torment resistance,
unbreathing
a: Recall Ancestor, Ancestor Identity, Renounce Religion


You were on level 2 of the Dungeon.
You worshipped Hepliaklqana.
Hepliaklqana was pleased with you.
You were not hungry.

You visited 1 branch of the dungeon, and saw 2 of its levels.

You collected 67 gold pieces.

Inventory:

Armour
 a - a +0 robe
 d - a +0 ring mail
 e - a +0 scale mail (worn)
Jewellery
 c - a ring of wizardry (left claw)
Scrolls
 h - 2 scrolls of enchant weapon
 j - 2 scrolls of remove curse
 k - a scroll of identify
Potions
 f - a potion of invisibility {unknown}
 i - 3 potions of curing
Comestibles
 b - 3 rations
 g - 7 chunks of flesh


   Skills:
 * Level 4.4 Fighting
 + Level 3.1 Dodging
 - Level 2.1 Stealth
 * Level 4.3 Unarmed Combat
 + Level 0.8 Invocations


You had 3 spell levels left.
You didn't know any spells.
Your spell library was empty.

Dungeon Overview and Level Annotations

Branches:
Dungeon (2/15)

Altars:
Hepliaklqana
Vehumet
Xom


Innate Abilities, Weirdness & Mutations

Your body is rotting away.
You thrive on raw meat.
You are immune to poison.
You have sharp fingernails.
You are carnivorous and can eat meat at any time.
Your flesh is cold resistant. (rC+)
You are immune to negative energy. (rN+++)
You do not regenerate when monsters are visible.
You are immune to unholy pain and torment.
You can survive without breathing.
Your life essence is reduced to manifest your ancestor. (-10% HP)


Message History

You eat one of the 12 chunks of flesh.
This raw flesh tastes great!
The adder barely misses you.
Eat one of 11 chunks of flesh? (ye/n/q)
You eat one of the 11 chunks of flesh.
This raw flesh tastes great!
The gnoll hits you from afar with a +0 halberd.
The adder closely misses you.
Eat one of 10 chunks of flesh? (ye/n/q)
You eat one of the 10 chunks of flesh.
This raw flesh tastes great!
The adder barely misses you.
The gnoll hits you from afar with a +0 halberd!
The adder bites you but does no damage.
Eat one of 9 chunks of flesh? (ye/n/q)
You eat one of the 9 chunks of flesh.
This raw flesh tastes great!
The adder bites you but does no damage.
The gnoll hits you from afar with a +0 halberd!
Eat one of 8 chunks of flesh? (ye/n/q)
You eat one of the 8 chunks of flesh.
This raw flesh tastes great!
The adder barely misses you.
The gnoll hits you from afar with a +0 halberd!
You die...

###############
#..........<..# .
#.............# ..=####
#§§###.###....#
......)####§§##...##....####
......)SrgS@§#.....#........
.....#.####§§§.....#........
#.# ... #§§#.....#....###.
#... #÷.##...##....#...
..... #..###.###....#...
##.... ##.........####...
##... #......#### #... #...
....###### #... ##..# #...


You could see a gnoll, 2 adders and a rat.

Vanquished Creatures
  2 adders (D:2)
  A gnoll (D:2)
  A leopard gecko (D:2)
  A giant cockroach (D:1)
  4 hobgoblins
  3 jackals (D:2)
  3 bats
  5 frilled lizards
  6 goblins (D:1)
  2 kobolds (D:1)
  3 rats
31 creatures vanquished.

Vanquished Creatures (collateral kills)
  Terence (D:2)
  A gnoll (D:2)
  A leopard gecko (D:2)
  A rat (D:2)
4 creatures vanquished.

Vanquished Creatures (others)
  A battlemage (D:2)
1 creature vanquished.

Grand Total: 36 creatures vanquished

Notes
Turn   | Place    | Note
-------+----------+-------------------------------------------
     0 | D:1      | MrRokkomies the Ghoul Monk began the quest for the Orb.
     0 | D:1      | Reached XP level 1. HP: 19/19 MP: 0/0
   406 | D:1      | Reached XP level 2. HP: 10/26 MP: 1/1
  1056 | D:2      | Reached XP level 3. HP: 25/33 MP: 2/2
  1097 | D:2      | Found a hazy altar of Hepliaklqana.
  1098 | D:2      | Found a shimmering altar of Xom.
  1099 | D:2      | Found a radiant altar of Vehumet.
  1116 | D:2      | Became a worshipper of Hepliaklqana the Forgotten
  1116 | D:2      | Reached * piety under Hepliaklqana
  1116 | D:2      | Reached ** piety under Hepliaklqana
  1117 | D:2      | Remembered your ancestor Nkonkoni as a battlemage
  1143 | D:2      | Noticed Terence
  1155 | D:2      | Killed Terence
  1155 | D:2      | Reached XP level 4. HP: 31/35 MP: 3/3
  1288 | D:2      | Slain by a gnoll

Levels and vault maps discovered:
D:1:      grunt_arrival_crossed_arrows, layout_loops_corners
D:2:      layout_rooms, chequers_temple_overflow_statue_of_worship,
          minmay_misc_feat_enclosed, uniq_terence

Skill      XL: |  1  2  3 |
---------------+----------+-----
Fighting       | 4 |  4.4
Dodging        | 3 |  3.1
Unarmed Combat | 4 |  4.3
Stealth        | |  2.1
Invocations    | |  0.8

Action                   |  1- 3 |  4- 6 || total
-------------------------+-------+-------++-------
Melee: Unarmed           |    94 |    14 ||   108
       Punch             |     1 |       ||     1
Invok: Ancestor Life: Ba |     1 |       ||     1
  Use: Scroll            |     4 |     2 ||     6
 Stab: Sleeping          |     2 |       ||     2
  Eat: Chunk             |     6 |     6 ||    12
Armor: Robe              |     5 |       ||     5
       Ring mail         |    15 |       ||    15
       Scale mail        |       |     9 ||     9
Dodge: Dodged            |    54 |    18 ||    72

Table legend:
 A = Non-vault XP
 B = Vault XP
 C = Vault XP percentage of total XP
 D = Non-vault monster count
 E = Vault monster count
 F = Vault count percentage of total count
                 A         B        C        D         E       F
            +---------+---------+-------+---------+---------+-------
      Total |     102 |      36 |  26.1 |      34 |       1 |   2.9
            +---------+---------+-------+---------+---------+-------
        D:1 |      28 |       0 |   0.0 |      19 |       0 |   0.0
        D:2 |      74 |      36 |  32.7 |      15 |       1 |   6.2
            +---------+---------+-------+---------+---------+-------
